 Dungeon Crawl Stone Soup version 0.19.1 (webtiles) character file.

31 Menchi the Sneak (level 3, -2/27 HPs)
             Began as a Merfolk Assassin on Dec 13, 2016.
             Slain by a gnoll
             ... wielding a +0 spear
              (3 damage)
             ... on level 3 of the Dungeon.
             The game lasted 00:03:34 (1623 turns).

Menchi the Sneak (Merfolk Assassin)                 Turns: 1623, Time: 00:03:35

Health: -2/27      AC:  3    Str:  8 (11) XL:     3   Next: 22%
Magic:  3/3        EV: 17    Int:  7 (10) God:
Gold:   148        SH:  0    Dex: 20 (21) Spells: 0 memorised, 2 levels left

rFire  . . .     SeeInvis .     a - +3 dagger
rCold  . . .     Gourm    .     c - +0 robe
rNeg   . . .     Faith    .     (no shield)
rPois  .         Spirit   .     (no helmet)
rElec  .         Reflect  .     d - +0 cloak
rCorr  .         Harm     .     (no gloves)
MR     .....                    (no boots)
Stlth  ++++......               (no amulet)
                                (no ring)
                                (no ring)

@: agile
A: change form in water, swift swim, stealthy swim
a: no special abilities


You were on level 3 of the Dungeon.
You were not hungry.

You visited 1 branch of the dungeon, and saw 3 of its levels.

You collected 148 gold pieces.

Inventory:

Hand Weapons
 a - a +3 dagger (weapon)
Armour
 c - a +0 robe (worn)
 d - a +0 cloak (worn)
Jewellery
 i - an uncursed ring of ice
Scrolls
 h - 5 scrolls of identify
 k - 2 scrolls of magic mapping
 m - 2 scrolls of remove curse {unknown}
 n - a scroll of fear {unknown}
 o - a scroll of blinking {unknown}
Potions
 r - a potion of flight {unknown}
Comestibles
 g - 2 bread rations
 j - a royal jelly


   Skills:
 + Level 2.1 Fighting
 + Level 2.7 Short Blades
 + Level 2.1 Throwing
 + Level 1.7 Dodging
 + Level 5.3 Stealth


You had 2 spell levels left.
You didn't know any spells.

Dungeon Overview and Level Annotations

Branches:
Dungeon (3/15)

Altars:

Annotations:
D:2 Sigmund
D:3 Menchi's ghost, amateur MfAs


Message History

* * * LOW HITPOINT WARNING * * *
As you read the scroll labeled BYIMNO JETAI, it crumbles to dust.
It is a scroll of enchant weapon.
Your +2 dagger glows red for a moment.
You hit the gnoll but do no damage.
It was a potion of agility.
You feel agile all of a sudden. The gnoll hits you but does no damage.
The gnoll misses you.
It was a potion of degeneration.
There was something very wrong with that liquid.
You feel weakened.
You feel dopey.
You feel clumsy. The gnoll hits you with a flail!
* * * LOW HITPOINT WARNING * * *
The gnoll completely misses you.
You barely miss the gnoll. The gnoll closely misses you.
You hit the gnoll but do no damage. The gnoll completely misses you. x2
You hit the gnoll.
The gnoll is moderately wounded.
The gnoll hits you from afar with a spear.
You die...

##...*#.#*,,,,***#.*,##.##.#.####
.....##.###############.#######*#
...............................*,
........###########.#.######.#.*,
..###.<.+,.......##.#.######.,,*,
****#...########....#........,,*,
,,...............###########.,,*,
,###############.#***** *,,,,*,
,* ******,,,,#@#,,,,* *,,,,*, ,*
*,,,,,,,*'#g#,,,,* *,,,,*, ,*
*,,,......gWo....# *,,,,,, ,*
*,,,.......g.....# **,,,,,, ,*
*,,,.............# *,,,,,,, ,*
*,,,..........#### *,,,*,,, ,*
****##.#......# *******+*, ,*
*,,,#.##.#+###* *,,,,,,,,,
,******,,,#,*#.,,,,,****,,,*,,,,,


You could see Menchi's ghost, 3 gnolls and an orc.

Vanquished Creatures
  2 leopard geckos (D:1)
  An orc (D:3)
  4 bats
  2 giant cockroaches
  3 goblins
  4 hobgoblins
  2 ball pythons
  A frilled lizard (D:1)
  4 kobolds
  2 rats (D:1)
25 creatures vanquished.

Notes
Turn   | Place    | Note
-------+----------+-------------------------------------------
     0 | D:1      | Menchi the Merfolk Assassin began the quest for the Orb.
     0 | D:1      | Reached XP level 1. HP: 16/16 MP: 1/1
   356 | D:1      | Reached XP level 2. HP: 22/22 MP: 2/2
   700 | D:1      | Reached skill level 5 in Stealth
  1237 | D:2      | Reached XP level 3. HP: 27/27 MP: 3/3
  1276 | D:2      | Noticed Sigmund
  1602 | D:3      | Noticed Menchi's ghost (amateur MfAs)
  1620 | D:3      | HP: 1/27 [gnoll/flail (7)]
  1623 | D:3      | Slain by a gnoll

Skill      XL: |  1  2 |
---------------+-------+-----
Stealth        | 5 |  5.3
Fighting       | |  2.1
Short Blades   | |  2.7
Throwing       | |  2.1
Dodging        | |  1.7

Action                   || total
-------------------------++-------
Melee: Dagger            ||    82
  Use: Scroll            ||     3
       Potion            ||     2
 Stab: Sleeping          ||     9
  Eat: Chunk             ||     2
Armor: Robe              ||    26
Dodge: Dodged            ||    44
